 Dungeon Crawl Stone Soup version 0.19-a0-1856-g32653aa (webtiles) character file.

1323 Elitist the Ducker (level 8, 0/62 HPs)
             Began as a Vampire Gladiator on Oct 11, 2016.
             Was a Follower of Makhleb.
             Slain by taraiph's ghost (13 damage)
             ... on level 6 of the Dungeon.
             The game lasted 00:15:09 (5632 turns).

Elitist the Ducker (Vampire Gladiator)              Turns: 5632, Time: 00:15:10

Health: 0/62       AC:  7    Str: 16    XL:     8   Next: 33%
Magic:  8/8        EV: 16    Int: 10    God:    Makhleb [*.....]
Gold:   370        SH:  0    Dex: 15    Spells: 0 memorised, 7 levels left

rFire  . . .     SeeInvis +     r - +0 rapier of Beamnyef {elec, rElec} (curse)
rCold  + . .     Gourm    .     b - +0 leather armour
rNeg   + + .     Faith    .     (no shield)
rPois  +         Spirit   .     c - +0 helmet
rElec  +         Dismiss  .     k - +0 cloak
rCorr  .         Reflect  .     f - +1 pair of gloves (curse)
MR     .....     Harm     .     (no boots)
Stlth  +.........               (no amulet)
                                (no ring)
                                n - ring of loudness (curse)

@: regenerating slowly
A: fangs 3, see invisible, unbreathing
a: Bat Form, Renounce Religion


You were on level 6 of the Dungeon.
You worshipped Makhleb.
Makhleb was aware of your devotion.
You were very thirsty.

You visited 2 branches of the dungeon, and saw 7 of its levels.

You collected 370 gold pieces.

Inventory:

Hand Weapons
 a - a +0 long sword
 r - the cursed +0 rapier of Beamnyef (weapon) {elec, rElec}
   (You found it on level 4 of the Dungeon)

   Occasionally, upon striking a foe, it will discharge some electrical energy
   and cause terrible harm.
   It insulates you from electricity.
   It has a curse placed upon it.
Missiles
 d - 3 throwing nets (quivered)
Armour
 b - a +0 leather armour (worn)
 c - a +0 helmet (worn)
 f - a cursed +1 pair of gloves (worn)
 k - a +0 cloak (worn)
Jewellery
 n - a cursed ring of loudness (left hand)
 t - an uncursed ring of stealth {unknown}
Wands
 i - a wand of digging (6/24)
 o - a wand of slowing (10/48)
 s - a wand of lightning (6/15)
Scrolls
 e - 5 scrolls of identify
 g - 4 scrolls of enchant armour
 h - 5 scrolls of remove curse
 l - 2 scrolls of teleportation
Potions
 j - 3 potions of haste
 m - a potion of might
 p - a potion of invisibility
 q - 19 potions of blood
 u - a potion of brilliance


   Skills:
 + Level 5.3 Fighting
 + Level 5.0(6.1) Short Blades
 - Level 4.9(5.7) Long Blades
 - Level 1.5 Throwing
 + Level 7.1 Dodging


You had 7 spell levels left.
You didn't know any spells.

Dungeon Overview and Level Annotations

Branches:
Dungeon (6/15)             Temple (1/1) D:4

Altars:
Cheibriados
Elyvilon
Fedhas
Gozag
Kikubaaqudgha
Makhleb
Qazlal
Ru
Sif Muna
Vehumet
Xom
Yredelemnul
Zin
Lugonu

Annotations:
D:6 taraiph's ghost, novice MiMo


Innate Abilities, Weirdness & Mutations

You heal slowly.
You have razor-sharp teeth.
You have supernaturally acute eyesight. (SInv)
You can survive without breathing.


Message History

Taraiph's ghost is severely damaged.
Taraiph's ghost misses you.
You closely miss taraiph's ghost.
Taraiph's ghost is severely damaged.
Taraiph's ghost whispers, "The ORB doesn't exist."
Taraiph's ghost hits you but does no damage.
You hit taraiph's ghost.
Taraiph's ghost is severely damaged.
Taraiph's ghost barely misses you.
You barely miss taraiph's ghost.
Taraiph's ghost is severely damaged.
Taraiph's ghost hits you!
* * * LOW HITPOINT WARNING * * *
You hit taraiph's ghost.
Taraiph's ghost is severely damaged.
Taraiph's ghost completely misses you.
You hit taraiph's ghost.
Taraiph's ghost is almost destroyed.
Taraiph's ghost hits you!
You die...

#### ###...###
#..PP...##
P########P≈P≈.P...
P≈≈.....#P≈PPPP≈≈.
≈≈PP......P≈≈♣≈PPP
♣♣≈P....<.≈≈P≈≈≈♣P
♣P≈P......#≈P≈P≈≈♣
♣≈≈P?.....@>..P≈PP
≈≈≈......W######PP
≈≈≈.......#
P≈.........
#P........##
..........≈
#.)......≈.≈
.......P≈
.......PPP


You could see taraiph's ghost.

Vanquished Creatures
  Eustachio (D:4)
  Duvessa (D:4)
  An ogre (D:4)
  A centaur (D:5)
  Blork the orc (D:4)
  The ghost of emerson the Sneak, an amateur SpAs (D:3)
  Dowan (D:4)
  A scorpion (D:4)
  A centaur zombie (D:4)
  A crimson imp (D:5)
  2 bullfrog zombies
  A hound (D:4)
  Crazy Yiuf (D:2)
  3 orc priests
  Terence (D:2)
  Jessica (D:5)
  4 orc wizards
  2 worker ants (D:4)
  A hound zombie (D:5)
  A howler monkey zombie (D:5)
  A worker ant zombie (D:4)
  5 adders
  A shadow imp (D:5)
  4 adder zombies (D:4)
  2 dart slugs
  4 leopard geckos
  6 orcs
  13 bats
  4 giant cockroaches
  6 hobgoblins
  15 jackals
  5 ball pythons
  4 frilled lizards
  2 goblins
  A jackal skeleton (D:5)
  A jackal zombie (D:4)
  7 kobolds
  A leopard gecko skeleton (D:4)
  A leopard gecko zombie (D:4)
  A quokka zombie (D:4)
  11 rats
122 creatures vanquished.

Notes
Turn   | Place    | Note
-------+----------+-------------------------------------------
     0 | D:1      | Elitist the Vampire Gladiator began the quest for the Orb.
     0 | D:1      | Reached XP level 1. HP: 16/16 MP: 1/1
     0 | D:1      | Noticed a gargoyle
     2 | D:1      | Noticed a dwarf
     4 | D:1      | Noticed an octopode
     5 | D:1      | Noticed a vampire
     6 | D:1      | Noticed a vampire
     7 | D:1      | Noticed a vampire
    12 | D:1      | Noticed a centaur
    12 | D:1      | Noticed a gargoyle
    14 | D:1      | Noticed a centaur
    14 | D:1      | Noticed a human
    14 | D:1      | Noticed a centaur
    16 | D:1      | Noticed a naga
    16 | D:1      | Noticed a felid
    18 | D:1      | Noticed a naga
    20 | D:1      | Noticed an octopode
   196 | D:1      | Reached XP level 2. HP: 16/22 MP: 2/2
  1077 | D:2      | Found a stormy altar of Qazlal.
  1259 | D:2      | Reached XP level 3. HP: 28/28 MP: 3/3
  1560 | D:2      | Found a runed door.
  1660 | D:2      | Found a basalt altar of Yredelemnul.
  1719 | D:2      | Noticed Terence
  1736 | D:2      | Killed Terence
  1736 | D:2      | Reached skill level 4 in Dodging
  1736 | D:2      | Reached XP level 4. HP: 20/34 MP: 4/4
  2159 | D:3      | Noticed emerson's ghost (amateur SpAs)
  2188 | D:3      | Killed emerson's ghost
  2188 | D:3      | Reached XP level 5. HP: 39/40 MP: 5/5
  2607 | D:2      | Noticed Crazy Yiuf
  2614 | D:2      | Killed Crazy Yiuf
  2673 | D:4      | Noticed an ogre
  2707 | D:4      | Found a burning altar of Makhleb.
  2717 | D:4      | Got a pitted rapier
  2718 | D:4      | Identified the cursed +0 rapier of Beamnyef {elec, rElec} (You found it on level 4 of the Dungeon)
  2721 | D:4      | Became a worshipper of Makhleb the Destroyer
  2840 | D:4      | Noticed Blork the orc
  2850 | D:4      | Killed Blork the orc
  2850 | D:4      | Reached skill level 1 in Short Blades
  2850 | D:4      | Reached XP level 6. HP: 29/47 MP: 6/6
  2865 | D:4      | Reached skill level 5 in Dodging
  3019 | D:4      | Noticed Duvessa
  3020 | D:4      | Noticed Dowan
  3026 | D:4      | Killed Dowan
  3217 | D:4      | Killed Duvessa
  3217 | D:4      | Reached XP level 7. HP: 40/54 MP: 7/7
  3373 | D:4      | Found a staircase to the Ecumenical Temple.
  3517 | D:4      | Noticed Eustachio
  3702 | D:4      | Killed Eustachio
  3702 | D:4      | Reached skill level 6 in Dodging
  3904 | Temple   | Entered the Ecumenical Temple
  3963 | D:5      | Entered Level 5 of the Dungeon
  3963 | D:5      | Found an ancient bone altar of Kikubaaqudgha.
  3997 | D:4      | Reached * piety under Makhleb
  4640 | D:5      | Reached skill level 5 in Fighting
  4640 | D:5      | Reached XP level 8. HP: 62/62 MP: 8/8
  5245 | D:5      | Reached skill level 7 in Dodging
  5504 | D:5      | Noticed Jessica
  5510 | D:5      | Killed Jessica
  5510 | D:5      | Reached skill level 5 in Short Blades
  5511 | D:5      | Found a deep blue altar of Sif Muna.
  5615 | D:6      | Noticed taraiph's ghost (novice MiMo)
  5632 | D:6      | Slain by taraiph's ghost

Vault maps used:
D:1:      shiori_arrival_whats_in_store_for_you
D:2:      old_standard_altar, nicolae_qazlal_general_emergency, minivault_5,
          uniq_crazy_yiuf_cottage, uniq_terence
D:3:      first_bread
D:4:      lemuel_crystal_altar, serial_undead, serial_undead_f, serial_undead_d,
          serial_undead_b, serial_undead_f, serial_undead_e, grunt_ministairs_3,
          uniq_duvessa, uniq_eustachio, uniq_blork_the_orc
D:5:      tgw_sif, kiku_gazebo_garden_becter
D:6:      gammafunk_temple_overflow_statue, serial_bayou, serial_bayou_pond_c,
          serial_bayou_shore_a, serial_bayou_pond_e, serial_bayou_lagoon_a,
          serial_bayou_shore_b, serial_bayou_lake_a, uniq_grinder, uniq_pikel
Temple:   corrupted_temple

Skill      XL: |  1  2  3  4  5  6  7  8 |
---------------+-------------------------+-----
Fighting       | 2 3 4 5 |  5.3
Long Blades    | 4 |  4.9
Dodging        | 4 5 6 7 |  7.1
Short Blades   | 1 2 4 5 |  5.0
Throwing       | |  1.5

Action                   |  1- 3 |  4- 6 |  7- 9 || total
-------------------------+-------+-------+-------++-------
Melee: Long sword        |   113 |    66 |       ||   179
       Bite              |    12 |    13 |    17 ||    42
       Rapier            |       |    63 |   192 ||   255
Throw: Throwing net      |     1 |     1 |       ||     2
 Abil: End Transformatio |       |     1 |       ||     1
       Bat Form          |       |     1 |       ||     1
Evoke: Wand              |       |       |     2 ||     2
  Use: Potion            |    13 |     5 |     4 ||    22
       Scroll            |     1 |     2 |     6 ||     9
 Stab: Sleeping          |     2 |       |       ||     2
Armor: Leather armour    |    47 |    45 |    47 ||   139
Dodge: Dodged            |   102 |    90 |   183 ||   375
       Rpst.: Long sword |    31 |    13 |       ||    44
